Map: Prion Terraces

Players

lesha - Winner!

  • Race: Terran Terran
  • League: Gold

bkmz

  • Race: Protoss Protoss
  • League: Silver

VOD

Have the link to the VOD?

Description

Time

  • Played on: Jan. 15, 2016, 8:38 a.m.
  • Length: 14:07
Show
View Real Time Build Order
Export as new Build Order

lesha Terran - Winner!

Build Orders: MMM Bio 

Get SALT Encoding   

  12  0:01  SCV  
  13  0:13  SCV  
  14  0:18  Supply Depot  
  14  0:25  SCV  
  15  0:39  SCV  
  15  0:40  Barracks  
  16  0:47  Refinery  
  16  0:51  SCV  
  17  1:04  SCV  
  18  1:19  SCV  
  19  1:33  Orbital Command  
  19  1:39  Barracks  
  19  1:40  Reaper  
  20  1:47  Supply Depot  
  20  2:01  SCV  
  21  2:08  Command Center  
  21  2:13  SCV  
  21  2:31  Marine  
  21  2:32  Marine  
  21  2:35  SCV  
  24  2:47  SCV  
  24  2:49  Marine  
  26  2:56  Marine  
  27  2:59  SCV  
  28  3:06  Marine  
  28  3:09  Refinery  
  28  3:11  SCV  
  30  3:19  Factory  
  31  3:28  Barracks Reactor  
  30  3:35  Barracks Reactor  
  30  3:36  SCV  
  31  4:02  Barracks  
  31  4:03  Supply Depot x2  
  31  4:05  Supply Depot  
  31  4:06  Engineering Bay, Barracks  
  31  4:08  Marine  
  31  4:09  Factory Tech Lab, Marine  
  33  4:17  SCV  
  33  4:19  Marine x2  
  33  4:20  Starport  
  36  4:27  Marine x2  
  36  4:30  SCV  
  39  4:33  Terran Infantry Weapons Level 1  
  39  4:37  Marine x2  
  41  4:42  Orbital Command  
  41  4:45  SCV  
  42  4:53  Missile Turret  
  42  4:56  Missile Turret  
  42  4:58  SCV  
  43  5:00  Barracks Tech Lab  
  43  5:05  Barracks Tech Lab  
  43  5:06  Starport Reactor  
  43  5:08  Marine  
  44  5:15  Marine  
  44  5:18  SCV x2  
  47  5:22  Marine  
  47  5:23  Marine  
  49  5:30  SCV x2  
  51  5:49  Marine x4  
  53  5:56  Marauder x2  
  57  5:57  Medivac x2  
  57  6:00  Combat Shields, Stimpack  
  57  6:02  SCV x2  
  63  6:14  SCV x2  
  63  6:15  Marine x3  
  63  6:16  Marine  
  73  6:25  Marauder x2  
  73  6:27  Supply Depot  
  73  6:31  Terran Infantry Armor Level 1  
  73  6:33  SCV x2  
  73  6:34  Marine  
  73  6:36  Marine  
  77  6:48  Marauder x2, Medivac  
  77  6:52  Refinery  
  77  6:53  SCV  
  77  6:54  SCV, Refinery  
  85  7:00  Supply Depot  
  85  7:19  Marine  
  85  7:20  Supply Depot x2  
  86  7:23  Command Center  
  84  7:45  Supply Depot  
  83  8:03  Marine x3  
  83  8:04  Marauder, Marine  
  83  8:05  SCV x2, Marauder  
  93  8:17  SCV  
  94  8:21  Marine x2, Medivac x2  
  94  8:22  Siege Tank  
  94  8:26  Marauder  
  105  8:33  Armory  
  105  8:39  Marine x3  
  110  8:41  Marauder  
  110  8:45  SCV x2  
  110  8:47  Marauder  
  114  8:51  Orbital Command, Medivac x2  
  114  8:53  Command Center  
  118  8:57  SCV x2  
  118  9:02  Marauder  
  122  9:05  Barracks  
  122  9:11  Barracks  
  122  9:15  Marine x2  
  122  9:16  Supply Depot, Marine  
  125  9:19  Supply Depot  
  125  9:25  Marine  
  125  9:27  Marauder x2  
  130  9:44  Supply Depot  
  130  9:45  Command Center  
  120  10:07  Supply Depot  
  119  10:18  Marine x5  
  119  10:19  Marauder  
  119  10:20  Siege Tank  
  119  10:21  Medivac x2  
  133  10:36  Marauder  
  133  10:40  Marauder  
  135  10:58  Marauder  
  135  11:01  Marine x4  
  135  11:02  Marine  
  142  11:19  Marine  
  142  11:20  Marauder  
  145  11:26  Marine x4  
  149  11:37  Marauder  
  151  11:41  Marauder  
  151  11:43  Marine  
  154  12:24  Marine x4  
  154  12:25  Marauder x2  
  161  12:46  Marauder  
  162  13:57  Command Center  
Show
View Real Time Build Order
Export as new Build Order

bkmz Protoss 

Build Orders:  

Get SALT Encoding   

  12  0:02  Probe (Chrono Boost)  
  13  0:13  Probe (Chrono Boost)  
  14  0:20  Pylon  
  14  0:30  Probe (Chrono Boost)  
  15  0:41  Probe (Chrono Boost)  
  16  0:48  Gateway  
  16  0:54  Assimilator  
  16  0:56  Pylon  
  16  1:02  Assimilator  
  16  1:05  Probe (Chrono Boost)  
  17  1:22  Gateway  
  17  1:26  Gateway  
  17  1:32  Probe (Chrono Boost)  
  18  1:42  Probe (Chrono Boost)  
  18  1:44  Cybernetics Core  
  19  1:48  Zealot  
  21  1:56  Probe (Chrono Boost)  
  22  2:07  Probe (Chrono Boost)  
  23  2:34  Probe (Chrono Boost)  
  24  2:39  Robotics Facility  
  24  2:47  Warp Gate (Chrono Boost)  
  24  2:59  Gateway x2  
  24  3:03  Pylon  
  24  3:10  Mothership Core  
  26  3:15  Pylon  
  26  3:18  Stalker  
  28  3:29  Observer (Chrono Boost)  
  29  3:48  Warp Prism (Chrono Boost)  
  31  3:50  Nexus  
  31  4:10  Stargate  
  31  4:31  Assimilator  
  31  4:35  Assimilator  
  31  4:38  Pylon  
  31  4:49  Stalker x2  
  31  4:50  Stalker  
  37  5:03  Probe  
  38  5:13  Probe  
  38  5:21  Stalker x2  
  41  5:24  Probe  
  41  5:25  Stalker  
  46  5:34  Probe  
  46  5:35  Phoenix  
  49  5:45  Probe  
  49  5:59  Stalker  
  49  6:00  Stalker x2  
  55  6:15  Probe  
  56  6:20  Phoenix  
  58  6:26  Stalker, Probe  
  60  6:32  Stalker  
  62  6:44  Pylon  
  62  6:45  Pylon  
  62  7:01  Probe  
  62  7:02  Observer  
  62  7:04  Stalker x2  
  62  7:07  Stalker  
  70  7:11  Probe  
  71  7:22  Probe  
  72  7:35  Stalker x2  
  62  7:59  Sentry  
  62  8:04  Zealot x2  
  68  8:25  Sentry  
  62  8:38  Robotics Bay  
  62  8:46  Robotics Facility  
  62  8:47  Zealot  
  62  8:48  Zealot  
  66  8:50  Zealot  
  68  9:06  Immortal  
  72  9:26  Nexus  
  72  9:31  Zealot x3  
  78  9:39  Pylon  
  78  9:40  Pylon  
  78  9:42  Pylon  
  47  10:24  Assimilator  
  47  10:26  Assimilator  
  31  10:58  Probe  
  26  11:07  Pylon  
  26  11:08  Probe  
  26  11:10  Pylon  
  23  11:12  Pylon  
  12  11:19  Probe  
  10  11:28  Cybernetics Core  
  10  11:29  Probe  
  10  11:40  Probe  
  11  11:50  Probe  
  12  12:01  Probe  
  12  12:08  Robotics Facility  
  7  13:04  Nexus  
Tags
 
Add a new tag
Caveats
  • Supply blocks, unpowered buildings, or Contaminate may cause inaccurate times.
  • Supply counts are checked every 10 seconds.